cohdb
Replays
Latest Replays
All Replays
Popular Replays
Top Player Replays
Match Explorer
How It Works
Community
CoH3 Stats
Reddit
Sign in to upload your games and track your stats! →
Sign in with Steam
Match 34793732
Unlisted
Match 34793732
Overview
Messages
Build Orders
End
Selects Special Operations Battlegroup
Selects M29 Weasel Recon Vehicle
M29 Weasel Recon Vehicle
Construct Barracks
Riflemen Squad
Riflemen Squad
M1 Mortar Team
Selects Raiding Flares
Construct Medical Station
Infantry Support Center
Grenade Package
Raiding Flares
Construct Weapon Support Center
M1918 Browning Automatic Rifles
Selects SSF Commando Squad
SSF Commando Squad
Advanced Logistics
Raiding Flares
Construct Motor Pool
SSF Commando Squad
黑熊精
Сheeser
Stardust Young
Atomic Floyd
deadsadbadmad
Alessandro-9891
0
0
Comments
sign in to comment!
No comments posted yet!